 Dungeon Crawl Stone Soup version 0.28-a0-1190-g77e1c55843 (webtiles) character file.

Game seed: 16174041148664113786

17382 Decritt the Fighter (level 12, -5/81 HPs)
             Began as a Gargoyle Fighter on Dec 18, 2021.
             Was the Champion of Okawaru.
             Killed from afar by a salamander mystic (25 damage)
             ... with a bolt of magma
             ... in a volcano.
             The game lasted 00:29:37 (12911 turns).

Decritt the Fighter (Gargoyle Fighter)             Turns: 12911, Time: 00:29:37

Health: -5/81      AC: 31    Str: 24    XL:     12   Next: 47%
Magic:  16/16      EV:  7    Int:  7    God:    Okawaru [******]
Gold:   757        SH: 15    Dex: 13    Spells: 11/11 levels left

rFire   + . .      SeeInvis .   n - +12 quick blade "Yphyafeo" {freeze, rF+ Int-3 Dex+4}
rCold   . . .      Faith    .   F - +0 kite shield
rNeg    + . .      Spirit   .   N - +0 plate armour
rPois   ∞          Reflect  +   Q - +0 helmet
rElec   +          Harm     .   (no cloak)
rCorr   .          Rampage  .   v - +0 pair of gloves
Will    .....                   (no boots)
Stlth   ..........              A - amulet of reflection
HPRegen 0.23/turn               I - +4 ring of protection
MPRegen 0.15/turn               y - ring of flight

@: flying, studying Maces & Flails
A: sickness immunity, AC +8, negative energy resistance 1, electricity
resistance, torment resistance 1, petrification resistance
a: Renounce Religion, Heroism, Finesse, Duel


You were in a volcano.
You worshipped Okawaru.
Okawaru was exalted by your worship.
You visited 3 branches of the dungeon, and saw 15 of its levels.
You also visited: Volcano.

You collected 1677 gold pieces.
You spent 920 gold pieces at shops.

Inventory:

Hand Weapons
 n - the +12 quick blade "Yphyafeo" (weapon) {freeze, rF+ Int-3 Dex+4}
   (You acquired it on level 5 of the Dungeon)

   It freezes those it strikes, dealing additional cold damage.
   It can also slow down cold-blooded creatures.
   Int:       It affects your intelligence (-3).
   Dex:       It affects your dexterity (+4).
   rF:        It protects you from fire.
 r - a +1 broad axe of electrocution
Missiles
 H - 10 throwing nets (quivered)
 K - 6 boomerangs
 M - 2 silver boomerangs
Armour
 v - a +0 pair of gloves (worn)
 F - a +0 kite shield (worn)
 N - a +0 plate armour (worn)
 Q - a +0 helmet (worn)
Jewellery
 y - a ring of flight (right hand)
 A - an amulet of reflection (around neck)
 G - a ring of resist corrosion
 I - a +4 ring of protection (left hand)
 O - an amulet of regeneration
 R - the ring of Cinongy {Ice rPois Dex+4 Slay+2 Stlth+}
   (You acquired it on level 11 of the Dungeon)

   [ring of ice]

   It enhances your ice magic.
   Dex:       It affects your dexterity (+4).
   Slay:      It affects your accuracy & damage with ranged weapons and melee
   (+2).
   rF:        It makes you vulnerable to fire.
   rC:        It protects you from cold.
   rPois:     It protects you from poison.
   Stlth:     It makes you more stealthy.
Wands
 p - a wand of polymorph (5)
 D - a wand of iceblast (12)
 J - a wand of digging (7)
 P - a wand of flame (12)
Scrolls
 e - a scroll of teleportation
 h - 3 scrolls of magic mapping
 i - 2 scrolls of fear
 m - a scroll of immolation {unknown}
 o - a scroll of torment {unknown}
 t - a scroll of blinking
 B - a scroll of vulnerability {unknown}
 C - 2 scrolls of enchant armour
Potions
 d - 6 potions of might
 f - 5 potions of curing
 g - a potion of flight {unknown}
 l - 2 potions of resistance
 q - 3 potions of mutation
 w - 2 potions of cancellation
 x - 2 potions of heal wounds
 L - a potion of ambrosia


   Skills:
 * Level 12.0 Fighting
 - Level 8.0 Short Blades
 + Level 5.5 Maces & Flails
 * Level 11.8 Armour
 + Level 3.2 Dodging
 + Level 8.2 Shields
 + Level 5.9 Invocations


You had 11 spell levels left.
You didn't know any spells.
Your spell library contained the following spells:

 Spells                   Type           Power      Damage    Failure   Level
 Scorch                   Fire           0%         2d5       100%        2
 Wereblood                Tmut           0%         N/A       100%        2
 Conjure Flame            Conj/Fire      0%         6-21      100%        3
 Ignite Poison            Fire/Tmut/Pois 0%         N/A       100%        3
 Inner Flame              Hex/Fire       0%         N/A       100%        3
 Ozocubu's Armour         Ice            0%         N/A       100%        3
 Portal Projectile        Hex/Tloc       0%         N/A       100%        3
 Cause Fear               Hex            0%         N/A       100%        4
 Flame Wave               Conj/Fire      0%         2d4       100%        4
 Leda's Liquefaction      Hex/Erth       0%         N/A       100%        4
 Sticky Flame             Conj/Fire      0%         2d3       100%        4
 Metabolic Englaciation   Hex/Ice        0%         N/A       100%        5
 Discord                  Hex            0%         N/A       100%        8
 Summon Small Mammal      Summ           Unusable   N/A       N/A         1
 Sublimation of Blood     Necr           Unusable   N/A       N/A         2
 Call Canine Familiar     Summ           Unusable   N/A       N/A         3
 Summon Guardian Golem    Hex/Summ       Unusable   N/A       N/A         3
 Simulacrum               Ice/Necr       Unusable   N/A       N/A         6
 Summon Cactus Giant      Summ           Unusable   N/A       N/A         6
 Summon Hydra             Summ           Unusable   N/A       N/A         7

Dungeon Overview and Level Annotations

Branches:
Dungeon (11/15)            Temple (1/1) D:7            Lair (3/6) D:9
    Orc (0/2) D:9         Volcano (1/1)
  Swamp: Lair:2-4    Shoals: Lair:2-4     Snake: Lair:2-4    Spider: Lair:2-4

Altars:
Ashenzari
Cheibriados
Dithmenos
Elyvilon
Fedhas
Gozag
Hepliaklqana
Kikubaaqudgha
Makhleb
Nemelex Xobeh
Okawaru
Qazlal
Ru
Sif Muna
Trog
Uskayaw
Vehumet
Wu Jian
Xom
Yredelemnul
Zin
The Shining One

Shops:
D:4 **   D:9 *([   D:11 =


Innate Abilities, Weirdness & Mutations

You are immune to sickness and miasma.
Your stone body is resilient. (AC +8)
You are immune to poison.
You resist negative energy. (rN+)
You are resistant to electric shocks. (rElec)
You are resistant to unholy torment.
You are immune to petrification.


Message History

* * * LOW HITPOINT WARNING * * *
You block the salamander's attack.
You hit the salamander. You freeze the salamander.
The salamander is heavily wounded.
The salamander hits you but does no damage.
Unknown command.
You hit the salamander. You freeze the salamander.
The salamander is heavily wounded.
The salamander mystic casts a spell at the salamander.
The salamander seems to speed up.
The salamander hits you but does no damage.
Unknown command.
You barely miss the salamander.
The salamander is heavily wounded.
You block the salamander's attack.
Unknown command.
You hit the salamander but do no damage.
The salamander is heavily wounded.
You block the salamander's attack. x2
The salamander mystic closely misses you.
Unknown command.
You hit the salamander. You freeze the salamander.
The salamander is severely wounded.
The salamander hits you with a +0 spear!
* * * LOW HITPOINT WARNING * * *
You are engulfed in flames!
You resist.
* * * LOW HITPOINT WARNING * * *
You block the salamander's attack.
Unknown command.
You feel better. You block the salamander's attack.
You block the salamander mystic's attack.
You block the salamander's attack.
You block the salamander's attack. x2; The salamander closely misses you.
You block the salamander's attack.
The salamander mystic casts a spell at you.
The bolt of magma hits you. You partially resist.
* * * LOW HITPOINT WARNING * * *
The salamander mystic points at you and mumbles some strange words.
The bolt of magma hits you!! You partially resist.
You die...

.§ ≈§≈≈§§≈≈≈.......≈≈≈≈§§≈≈ ..
≈≈≈§≈§≈§≈≈≈≈.≈§§≈≈§≈≈≈≈≈ ≈≈≈≈§
§§≈≈§≈≈≈≈≈§§§≈≈§≈≈§≈≈≈≈≈ §§≈§§
§§§≈§≈≈≈≈≈§≈§≈≈§≈≈§≈≈≈≈§ §§≈≈
§§≈≈≈≈≈≈≈≈§§≈§≈§≈§§§§≈§≈ ≈≈§§≈≈≈§
§§.§§≈≈≈≈.§≈§≈.≈≈§≈§§≈§≈
≈≈≈≈≈≈§.......§......§....§§§≈≈§≈
≈≈≈§§§§.########'########.§≈≈≈≈§≈
≈≈§§.≈..# #@# #.§≈≈≈§≈≈ ≈≈≈.≈§..#
#.# #.≈≈§§§§§ ≈≈§§§§§.# #.#
#..≈≈≈§§≈ ≈..§≈§§.# #N# #.§≈§§§§§
.≈§≈§≈≈.######.#N#.######.§≈≈≈≈§§
≈§≈≈≈≈..#......#N#......#§§§§≈≈≈≈
≈≈§≈≈≈≈.###++###)###++###§§§≈≈≈§≈
≈§≈§§≈..# #.....# #..§≈§§§§
§≈≈≈§≈≈.# #.8_8.# #.≈≈≈≈§≈≈


You could see a salamander mystic and 2 salamanders.

Vanquished Creatures
  2 hydras (Lair:1)
  3 two-headed ogres
  A salamander (Volcano)
  A black mamba (Lair:2)
  A gargoyle (D:10)
  2 komodo dragons (Lair:1)
  Maggie (Lair:1)
  3 unseen horrors
  4 cane toads
  A troll (D:9)
  2 shadows (D:9)
  2 wraiths
  A centaur simulacrum (D:11)
  2 wyverns
  A fire bat (Volcano)
  11 yaks
  Menkaure (D:7)
  A basilisk (Lair:1)
  2 wargs (D:9)
  An acid dragon (D:11)
  2 water moccasins
  8 orc warriors
  2 sky beasts
  4 ice beasts
  An ogre (D:6)
  2 centaurs
  5 wolves
  A phantom (D:5)
  6 bullfrogs
  A kobold brigand (D:9)
  5 gnoll sergeants
  3 scorpions
  A water moccasin zombie (D:6)
  A water moccasin skeleton (D:4)
  13 killer bees
  6 wights
  An electric eel (Lair:2)
  3 howler monkeys
  4 lava snakes (Volcano)
  10 centaur zombies
  4 hounds
  2 jellies (D:7)
  2 centaur skeletons
  3 gnoll shamans
  6 orc priests
  A bullfrog skeleton (D:6)
  Jessica (D:2)
  3 iguanas (D:6)
  6 orc wizards
  A scorpion zombie (D:5)
  2 howler monkey zombies
  31 gnolls
  A howler monkey skeleton (D:5)
  10 adders
  An ufetubus (D:6)
  An adder skeleton (D:4)
  2 worms
  2 dart slugs
  33 orcs
  5 bats
  9 endoplasms
  3 giant cockroaches (D:1)
  4 hobgoblins
  13 jackals
  2 quokkas
  9 ball pythons
  4 frilled lizards (D:1)
  3 goblins
  10 kobolds
  A quokka skeleton (D:4)
  6 rats
  A bush (Temple)
304 creatures vanquished.

Vanquished Creatures (others)
  2 fungi
  10 plants
  3 toadstools (D:9)
15 creatures vanquished.

Grand Total: 319 creatures vanquished

Notes
Turn   | Place    | Note
-------+----------+-------------------------------------------
     0 | D:1      | Decritt the Gargoyle Fighter began the quest for the Orb.
     0 | D:1      | Reached XP level 1. HP: 14/14 MP: 1/1
    82 | D:1      | Found a faded altar of an unknown god.
    92 | D:1      | Reached XP level 2. HP: 18/19 MP: 2/2
   700 | D:1      | Reached XP level 3. HP: 24/24 MP: 3/3
  1244 | D:2      | Reached skill level 4 in Fighting
  1244 | D:2      | Reached XP level 4. HP: 19/29 MP: 4/4
  1755 | D:2      | Noticed Jessica
  1764 | D:2      | Killed Jessica
  2196 | D:3      | Reached XP level 5. HP: 32/34 MP: 5/5
  2654 | D:4      | Found Mithrugi's Merry Market.
  2745 | D:4      | Reached skill level 5 in Fighting
  2745 | D:4      | Reached XP level 6. HP: 36/40 MP: 6/6
  2885 | D:4      | Found Zoh Ikhla's Overcharged Wands.
  3097 | D:4      | Reached skill level 5 in Armour
  3538 | D:5      | Entered Level 5 of the Dungeon
  3544 | D:5      | Identified 2 scrolls of acquirement
  3544 | D:5      | Acquired the +12 quick blade "Yphyafeo" {freeze, rF+ Int-3
                  | Dex+4}
  3545 | D:5      | Acquired 790 gold pieces
  3569 | D:5      | Reached XP level 7. HP: 44/44 MP: 7/7
  3647 | D:5      | Reached skill level 1 in Short Blades
  3816 | D:5      | Reached skill level 6 in Fighting
  4232 | D:5      | Reached XP level 8. HP: 52/52 MP: 8/8
  4349 | D:6      | Reached skill level 5 in Shields
  4853 | D:6      | Reached skill level 7 in Fighting
  5368 | D:7      | Reached skill level 1 in Dodging
  5390 | D:7      | Reached XP level 9. HP: 57/57 MP: 9/9
  5417 | D:7      | Found a staircase to the Ecumenical Temple.
  5460 | D:7      | Noticed Menkaure
  5895 | D:7      | Reached skill level 8 in Fighting
  6301 | D:7      | Killed Menkaure
  6361 | Temple   | Entered the Ecumenical Temple
  6705 | Temple   | Became a worshipper of Warmaster Okawaru
  6951 | D:8      | Reached skill level 5 in Short Blades
  7728 | D:9      | Reached skill level 1 in Invocations
  7785 | D:9      | Reached * piety under Okawaru
  7786 | D:9      | Reached XP level 10. HP: 65/65 MP: 9/11
  7851 | D:9      | Found a staircase to the Lair.
  7855 | D:9      | Reached skill level 9 in Fighting
  7890 | D:9      | Reached ** piety under Okawaru
  8073 | D:9      | Found a staircase to the Orcish Mines.
  8073 | D:9      | Found Waih's Weapon Emporium.
  8101 | D:9      | Found Ykke's Armour Emporium.
  8182 | D:9      | Found Ilizy's Assorted Antiques.
  8746 | D:9      | Reached *** piety under Okawaru
  9065 | D:9      | Found a basalt altar of Yredelemnul.
  9085 | D:10     | Entered Level 10 of the Dungeon
  9184 | D:10     | Noticed a gargoyle
  9193 | D:10     | Killed a gargoyle
  9241 | D:10     | Noticed a two-headed ogre
  9243 | D:10     | Noticed a two-headed ogre
  9424 | D:9      | Reached skill level 10 in Fighting
  9429 | D:9      | Reached XP level 11. HP: 42/72 MP: 13/13
  9683 | D:9      | Killed a two-headed ogre
  9683 | D:9      | Reached **** piety under Okawaru
  9684 | D:9      | Reached skill level 10 in Armour
  9687 | D:9      | Killed a two-headed ogre
 10519 | D:10     | Received a gift from Okawaru
 11183 | D:11     | Found Ykof Zay's Jewellery Emporium.
 11211 | D:11     | Noticed a two-headed ogre
 11220 | D:11     | Reached ***** piety under Okawaru
 11231 | D:11     | Killed a two-headed ogre
 11232 | D:11     | Reached skill level 11 in Fighting
 11303 | D:11     | Acquired the ring of Cinongy {Ice rPois Dex+4 Slay+2
                  | Stlth+}
 11362 | D:11     | Reached skill level 5 in Invocations
 11539 | D:4      | Bought a potion of mutation for 80 gold pieces
 11539 | D:4      | Bought a potion of might for 40 gold pieces
 11539 | D:4      | Bought a manual of Maces & Flails for 800 gold pieces
 11664 | Lair:1   | Entered Level 1 of the Lair of Beasts
 11703 | Lair:1   | Identified the +0 ring mail of the Hidden Bones {rF- rC+
                  | Will+ MP+9}
 11737 | Lair:1   | Noticed a five-headed hydra
 11756 | Lair:1   | Killed a five-headed hydra
 11757 | Lair:1   | Reached XP level 12. HP: 62/80 MP: 15/15
 11903 | Lair:1   | Noticed a seven-headed hydra
 11924 | Lair:1   | Killed a seven-headed hydra
 11926 | Lair:1   | Noticed Maggie
 11946 | Lair:1   | Killed Maggie
 11964 | Lair:1   | Reached skill level 5 in Maces & Flails
 12023 | Lair:1   | Reached ****** piety under Okawaru
 12572 | Lair:2   | Received a gift from Okawaru
 12653 | Lair:2   | You fall into a shaft and drop 1 floor!
 12698 | Lair:3   | Found a dark tunnel.
 12705 | Volcano  | Entered a volcano
 12859 | Volcano  | Reached skill level 12 in Fighting
 12881 | Volcano  | Found a radiant altar of Vehumet.
 12911 | Volcano  | Killed from afar by a salamander mystic

Illustrated notes

Levels and vault maps discovered:
D:1:      ncdulo_halloftheorcs, layout_loops_ring,
          hellmonk_ecumenical_altar_dog_temple
D:2:      layout_basic, uniq_jessica
D:3:      layout_rooms
D:4:      layout_rooms, nicolae_alphabet_shops, nicolae_shop_overcharged_wands
D:5:      layout_basic, kennysheep_boxes
D:6:      layout_basic
D:7:      layout_rooms, minmay_temple_entry_from_below_a, uniq_menkaure
D:8:      layout_basic, grunt_ministairs_2
D:9:      layout_cave_pools, lemuel_zombie_altar_yredelemnul,
          erik_lair_orcish_takeover, orc_david_3, serial_gnoll_camp,
          gnoll_camp_mini_shop, gnoll_camp_mini_sergeant, gnoll_camp_mini_house,
          gnoll_camp_medium_01, gnoll_camp_medium_02, minmay_gold_behind_fungi,
          dk_rats_in_the_wall
D:10:     layout_small_grid, kennysheep_kite_vault
D:11:     layout_small_grid, serial_shops, nicolae_shop_window_shopping, shop,
          special_room [special_room_orc], minivault_14, uniq_gastronok
Temple:   mainiacjoe_temple_circle_huts
Lair:1:   layout_long_grid, minivault_11, uniq_maggie
Lair:2:   layout_layer_cave, minmay_snake_entry_guardpost_small,
          serial_bayou_pond_e, infiniplex_staircase_pool
Lair:3:   layout_layer_cave, nicolae_volcano_entry_s_turn, minmay_holes,
          uniq_fannar
Volcano:  volcano_lake [vl_original]

Skill      XL: |  1  2  3  4  5  6  7  8  9 10 11 12 |
---------------+-------------------------------------+-----
Fighting       | 4 5 6 7 8 10 11 12 | 12.0
Maces & Flails | 3 4 5 |  5.5
Armour         | 4 5 7 8 9 11 | 11.8
Shields        | 4 5 6 7 8 |  8.2
Short Blades   | 2 3 5 6 8 |  8.0
Dodging        | 1 2 3 |  3.2
Invocations    | 1 3 5 |  5.9

Action                   |  1- 3 |  4- 6 |  7- 9 | 10-12 || total
-------------------------+-------+-------+-------+-------++-------
Melee: Flail             |    62 |       |       |       ||    62
       Whip              |    36 |   256 |       |       ||   292
       Quick blade       |       |     2 |   314 |   581 ||   897
Invok: Heroism           |       |       |       |     1 ||     1
  Use: Scroll            |       |     7 |     5 |     8 ||    20
       Potion            |       |       |       |     3 ||     3
Armor: Scale mail        |    64 |   133 |    88 |   189 ||   474
       Skin              |       |     3 |       |       ||     3
       Plate armour      |       |       |       |    83 ||    83
Dodge: Dodged            |    50 |   107 |    61 |   147 ||   365
Block: Buckler           |    21 |    51 |    48 |       ||   120
       Kite shield       |       |       |    55 |   399 ||   454
       Reflection        |       |       |     1 |    15 ||    16

Table legend: (Time is in decaauts)
 A = Elapsed time spent in this place.
 B = Non-inter-level travel time spent in this place.
 C = Inter-level travel time spent in this place.
 D = Time resting spent in this place.
 E = Time spent auto-exploring this place.
 F = Levels seen in this place.
 G = Mean time per level.
                   A        B        C        D        E       F      G
               +--------+--------+--------+--------+--------+-----+--------+
         Total |  12498 |  11905 |    593 |   2078 |   7791 |  16 |  781.1 |
       Dungeon |  10997 |  10425 |    572 |   2015 |   6751 |  11 |  999.7 |
        Temple |    346 |    334 |     12 |      0 |    249 |   1 |  346.0 |
          Lair |    968 |    960 |      8 |      0 |    776 |   3 |  322.7 |
       Volcano |    186 |    186 |      0 |     63 |     15 |   1 |  186.0 |
               +--------+--------+--------+--------+--------+-----+--------+

Top non-repeatable levels by time:
     D:9: 2500 daAuts
     D:1: 1245 daAuts
     D:8: 1145 daAuts
     D:6: 1035 daAuts
     D:4: 962 daAuts
     D:2: 960 daAuts
     D:7: 842 daAuts
     D:5: 802 daAuts
    D:10: 790 daAuts
  Lair:1: 766 daAuts
     D:3: 459 daAuts
  Temple: 346 daAuts
    D:11: 254 daAuts
 Volcano: 186 daAuts
  Lair:2: 162 daAuts
